 Dungeon Crawl Stone Soup version 0.31-a0-486-g8d68a81214 (webtiles) character file.

Game seed: 13900642292353854987

384 Zonian the Ruffian (level 6, 0/42 HPs)
             Began as an Octopode Shapeshifter on Aug 8, 2023.
             Slain by an orc
             ... wielding a +0 club
              (5 damage)
             ... on level 5 of the Dungeon.
             The game lasted 00:05:42 (3099 turns).

Zonian the Ruffian (Octopode Shapeshifter)          Turns: 3099, Time: 00:05:43

Health: 0/42       AC:  1    Str: 26    XL:     6   Next: 77%
Magic:  6/6        EV: 14    Int: 10    God:
Gold:   210        SH:  0    Dex: 11    Spells: 5/5 levels left

rFire   . .          .
                       - Unarmed
rCold   . . .        (no shield)
rNeg    . . .        (helmet currently unavailable)
rPois   +            c - amulet of magic regeneration
rElec   .            f - ring of wizardry
rCorr   .            r - +6 ring of strength
SInv    .            (no ring)
Will    .....        (no ring)
Stlth   ++           (no ring)
HPRegen 0.27/turn    (no ring)
MPRegen 0.50/turn    (no ring)
                     (no ring)

%: random rage (3%), wizardry (x1)
@: beast-form
A: beast (slay +2), almost no armour, amphibious, 8 rings, camouflage 1,
gelatinous body 1, (nimble swimmer 1), tentacles, berserk 1, poison resistance,
strong 1
a: Begin Untransformation


You were on level 5 of the Dungeon.
You were a hulking beast.
You visited 1 branch of the dungeon, and saw 5 of its levels.

You collected 210 gold pieces.

Inventory:

Jewellery
 c - an amulet of magic regeneration (around mantle)
 f - a ring of wizardry (left tentacle)
 r - a +6 ring of strength (right tentacle)
Talismans
 b - a beast talisman (active)
Wands
 p - a wand of flame (26)
Scrolls
 d - 2 scrolls of poison
 i - a scroll of fear {unknown}
 j - 2 scrolls of immolation
 k - a scroll of vulnerability {unknown}
 l - a scroll of amnesia {unknown}
 m - 2 scrolls of teleportation {unknown}
Potions
 a - a potion of lignification
 e - a potion of brilliance
 g - a potion of curing
 n - a potion of heal wounds
 q - 2 potions of might
 s - a potion of haste


   Skills:
 + Level 3.3 Fighting
 + Level 3.8 Dodging
 + Level 4.4 Unarmed Combat
 + Level 4.0 Shapeshifting


You had 5 spell levels left.
You didn't know any spells.
Your spell library contained the following spells:

 Spells                   Type           Power      Damage    Failure   Level
 Foxfire                  Conj/Fire      0%         2x1d4     16%         1
 Plasma Beam              Fire/Air       0%         2x1d10    100%        6
 Starburst                Conj/Fire      0%         6d3       100%        6


Dungeon Overview and Level Annotations

Branches:
Dungeon (5/15)
 Temple: D:4-7

Altars:
Dithmenos
Fedhas
Sif Muna
Trog
Xom

Annotations:
D:4 Duvessa, Menkaure


Innate Abilities, Weirdness & Mutations

You are a hulking beast.
Your limbs bulge with bestial killing power. (Slay +2)
You cannot wear most types of armour.
You are amphibious.
You can wear up to eight rings at the same time.
Your skin changes colour to match your surroundings (Stealth+).
Your rubbery body absorbs attacks. (AC +1, EV +1)
((You are camouflaged when in or above water. (Stealth+)))
You have tentacles for arms and can constrict up to eight enemies at once.
You sometimes lose your temper in combat.
Your system is resistant to poisons. (rPois)
Your muscles are strong. (Str +4, Int/Dex -1)


Message History

o - a scroll of noise You drop a scroll of noise.
Okay, then.
Found a robe.
Unknown command.
A jelly comes into view.
A jelly is nearby!
Unknown command.
A hound comes into view.
An orc comes into view. It is wielding a +0 club.
The orc shouts!
The hound barks!
The jelly quivers.
The hound bites you.
You bludgeon the hound! Your grab misses the hound. You squeeze the hound.
The hound is severely wounded.
The hound closely misses you.
You tentacle-slap the hound. Your grab misses the hound.
The hound is almost dead.
The hound barely misses you. The jelly closely misses you. The hound bites you.
You closely miss the hound. You grab the hound. You squeeze the hound.
You kill the hound!
The jelly barely misses you.
You tentacle-slap the jelly.
Your tentacles burn!
The jelly is lightly wounded.
The jelly completely misses you. The orc hits you with a +0 club.
You barely miss the jelly. You squeeze the jelly.
The jelly is moderately wounded.
The jelly misses you. The orc hits you but does no damage.
You tentacle-slap the jelly but do no damage.
Your tentacles burn!
The jelly is moderately wounded.
The jelly hits you.
You are splashed with acid!
* * * LOW HITPOINT WARNING * * *
The orc hits you with a +0 club.
* * * LOW HITPOINT WARNING * * *
You bludgeon the jelly!
Your tentacles burn!
* * * LOW HITPOINT WARNING * * *
The jelly is severely wounded.
The jelly barely misses you. The orc hits you with a +0 club.
You die...

.. .###...
#.......
#......
#####.....#
##.##.......#
#......J...#
#.....oh...#
##..####...#
##..# #..#
### ##.##
...# ##.##
.... ##.##
#... ##.##
###..###.##


You could see a jelly and an orc.

Vanquished Creatures
  Sigmund (D:2)
  A hound (D:5)
  Jessica (D:3)
  Ijyb (D:4)
  5 adders
  An ufetubus (D:5)
  2 dart slugs (D:1)
  4 worms
  3 orcs (D:3)
  7 bats
  11 endoplasms
  A giant cockroach (D:1)
  5 goblins
  5 hobgoblins
  4 jackals (D:4)
  9 kobolds
  3 quokkas
  4 ball pythons
  3 rats
71 creatures vanquished.

Notes
Turn   | Place    | Note
-------+----------+-------------------------------------------
     0 | D:1      | Zonian the Octopode Shapeshifter began the quest for the
                  | Orb.
     0 | D:1      | Reached XP level 1. HP: 13/13 MP: 1/1
    64 | D:1      | Reached XP level 2. HP: 11/18 MP: 2/2
   371 | D:1      | Reached XP level 3. HP: 19/23 MP: 3/3
   705 | D:2      | Noticed Sigmund
   707 | D:2      | Gained mutation: You sometimes lose your temper in combat.
                  | [potion of mutation]
   707 | D:2      | Gained mutation: Your system is resistant to poisons.
                  | (rPois) [potion of mutation]
   707 | D:2      | Gained mutation: Your muscles are strong. (Str +4, Int/Dex
                  | -1) [potion of mutation]
   715 | D:2      | Killed Sigmund
   716 | D:2      | Reached XP level 4. HP: 21/30 MP: 4/4
   716 | D:2      | Reached XP level 5. HP: 25/36 MP: 5/5
  1348 | D:2      | Reached XP level 6. HP: 41/41 MP: 6/6
  1712 | D:3      | Noticed Jessica
  1719 | D:3      | Killed Jessica
  1996 | D:3      | Found a faded altar of an unknown god.
  2126 | D:4      | Noticed Ijyb
  2139 | D:4      | Killed Ijyb
  2492 | D:4      | Noticed Duvessa
  2625 | D:4      | Found a shimmering blue altar of Sif Muna.
  2626 | D:4      | Found a bloodstained altar of Trog.
  2630 | D:4      | Found a blossoming altar of Fedhas.
  2630 | D:4      | Found a shadowy altar of Dithmenos.
  2631 | D:4      | Found a shimmering altar of Xom.
  2865 | D:4      | Noticed Menkaure
  3031 | D:5      | Entered Level 5 of the Dungeon
  3099 | D:5      | Slain by an orc

Illustrated notes

Levels and vault maps discovered:
D:1:      eino_arrival_druids_welcome, layout_rooms, serial_glass,
          glass_columns_a, glass_columns_b
D:2:      layout_basic, uniq_sigmund
D:3:      layout_rooms, chequers_ecumenical_altar_island, uniq_jessica
D:4:      layout_cave_pods, grunt_temple_overflow_open, uniq_duvessa,
          uniq_menkaure, uniq_ijyb
D:5:      layout_layer_cave, chequers_mini_garden

Skill      XL: |  1  2  3  4  5  6 |
---------------+-------------------+-----
Fighting       | 2 3 |  3.3
Dodging        | 3 |  3.8
Unarmed Combat | 4 |  4.4
Shapeshifting  | 4 |  4.0

Action                     |  1- 3 |  4- 6 || total
---------------------------+-------+-------++-------
  Melee: Unarmed           |    58 |    80 ||   138
         Constrict         |    11 |    23 ||    34
         Tentacles         |    10 |    20 ||    30
         Punch             |       |     2 ||     2
    Use: Potion            |     3 |       ||     3
         Scroll            |       |     6 ||     6
   Stab: Sleeping          |     6 |     7 ||    13
 Armour: Skin              |     7 |     4 ||    11
  Dodge: Dodged            |    37 |    46 ||    83

Table legend: (Time is in decaauts)
 A = Elapsed time spent in this place.
 B = Non-inter-level travel time spent in this place.
 C = Inter-level travel time spent in this place.
 D = Time resting spent in this place.
 E = Time spent auto-exploring this place.
 F = Levels seen in this place.
 G = Mean time per level.
                   A        B        C        D        E       F      G
               +--------+--------+--------+--------+--------+-----+--------+
         Total |   3126 |   3056 |     70 |    739 |   1681 |   5 |  625.2 |
       Dungeon |   3126 |   3056 |     70 |    739 |   1681 |   5 |  625.2 |
               +--------+--------+--------+--------+--------+-----+--------+

Top non-repeatable levels by time:
     D:2: 1037 daAuts
     D:4: 898 daAuts
     D:3: 649 daAuts
     D:1: 473 daAuts
     D:5: 67 daAuts
